 Dungeon Crawl Stone Soup version 0.21-a0-364-gbd1fde4 (webtiles) character file.

4 Neas the Sneak (level 1, 0/9 HPs)
             Began as a Spriggan Enchanter on Oct 14, 2017.
             Slain by a goblin
             ... wielding a +0 dagger
              (6 damage)
             ... on level 1 of the Dungeon.
             The game lasted 00:00:43 (135 turns).

Neas the Sneak (Spriggan Enchanter)                  Turns: 135, Time: 00:00:43

Health: 0/9        AC:  2    Str:  4    XL:     1   Next: 50%
Magic:  5/5        EV: 16    Int: 16    God:
Gold:   18         SH:  0    Dex: 16    Spells: 4/5 levels left

rFire    . . .     SeeInvis +   a - +1 dagger
rCold    . . .     Gourm    .   (shield restricted)
rNeg     . . .     Faith    .   b - +0 robe
rPois    .         Spirit   .   (helmet restricted)
rElec    .         Reflect  .   (no cloak)
rCorr    .         Harm     .   (gloves unavailable)
MR       .....                  (boots unavailable)
Stlth    ++........             (no amulet)
HPRegen  0.03/turn              (no ring)
MPRegen  0.09/turn              (no ring)

@: heavily drained, very quick
A: unfitting armour, see invisible, herbivore 3, speed 3, slow metabolism 2
a: no special abilities


You were on level 1 of the Dungeon.
You were not hungry.

You visited 1 branch of the dungeon, and saw 1 of its levels.

You collected 18 gold pieces.

Inventory:

Hand Weapons
 a - a +1 dagger (weapon)
Armour
 b - a +0 robe (worn)
Books
 c - a book of Maledictions

   Spells                             Type                      Level
   a - Corona                         Hexes                        1
   b - Ensorcelled Hibernation        Hexes/Ice                    2
   c - Confuse                        Hexes                        3
   d - Tukima's Dance                 Hexes                        3
   e - Dazzling Spray                 Conjuration/Hexes            3
Comestibles
 d - a bread ration


   Skills:
 - Level 1.1(0.0) Short Blades
 - Level 3.0(1.4) Dodging
 - Level 4.4(2.7) Stealth
 + Level 2.9(1.3) Spellcasting
 + Level 3.8(2.2) Hexes


You had 4 spell levels left.
You knew the following spells:

 Your Spells              Type           Power        Failure   Level  Hunger
a - Corona                Hex            #......      9%          1    ##.....


Dungeon Overview and Level Annotations

Branches:
Dungeon (1/15)

Altars:


Innate Abilities, Weirdness & Mutations

You are very small and have problems with some larger weapons.
You are too small for most types of armour.
You have supernaturally acute eyesight. (SInv)
You are a herbivore.
You cover ground extremely quickly.
You need consume almost no food.


Message History

The goblin shouts!
You hear a bark!
Found 4 large rocks.
There is a stone staircase leading down here.
Found a large emerald amulet.
A bat comes into view.
A dart slug comes into view.
You hit the dart slug but do no damage. You hit the dart slug but do no damage.
The bat completely misses you. The dart slug launches a dart at you.
The slug dart hits you! The bat misses you.
A jackal comes into view.
You hit the dart slug.
The dart slug is lightly wounded.
The bat completely misses you. The bat misses you.
The dart slug bites you but does no damage.
You hit the bat.
You kill the bat!
The goblin hits you with a dagger.
Ouch! That really hurt!
You die...

.#...#.........###†###
###................#
.8.........##......#
.#.........##....†.# .
.#......#........#.## .l
.#........#####.....#(..
.8.. ##>...h.... .##...
.######†#....... .# ..
.......@g........ .. .
.......w......... ..
................> ...
.................
..#............. #
##.......#### ......"..
....#######


You could see a dart slug, a jackal, a goblin and a frilled lizard (wandering).

Vanquished Creatures
  A giant cockroach (D:1)
  A goblin (D:1)
  A bat (D:1)
  A rat (D:1)
4 creatures vanquished.

Notes
Turn   | Place    | Note
-------+----------+-------------------------------------------
     0 | D:1      | Neas the Spriggan Enchanter began the quest for the Orb.
     0 | D:1      | Reached XP level 1. HP: 9/9 MP: 5/5
   135 | D:1      | Slain by a goblin

Vault maps used:
D:1:      scummos_arrival_simple_crosswalls, hangedman_decor_points

Action                   || total
-------------------------++-------
Melee: Dagger            ||    17
 Stab: Sleeping          ||     1
Armor: Robe              ||     3
Dodge: Dodged            ||    14

Table legend:
 A = Spawn XP
 B = Non-spawn XP
 C = Spawn XP percentage of total XP
 D = Spawn monster count
 E = Non-spawn monster count
 F = Spawn count percentage of total count
 G = Total turns spent on level
                    A         B        C        D         E        F      G
               +---------+---------+-------+---------+---------+-------+---------
         Total |       0 |       6 |   0.0 |       0 |       4 |   0.0 |   135
               +---------+---------+-------+---------+---------+-------+---------
           D:1 |       0 |       6 |   0.0 |       0 |       4 |   0.0 |   135
               +---------+---------+-------+---------+---------+-------+---------
